 Dungeon Crawl Stone Soup version 0.30-a0-358-g0d69a1922f (webtiles) character file.

Game seed: 4856198813845756252

1782 kae the Transmogrifier (level 8, -1/59 HPs)
             Began as a Grey Draconian Transmuter on Nov 8, 2022.
             Was a Believer of Ru.
             Killed by divine providence
             ... invoked by an orc priest
              (13 damage)
             ... on level 6 of the Dungeon.
             The game lasted 00:06:48 (6756 turns).

kae the Transmogrifier (Grey Draconian Transmuter)  Turns: 6756, Time: 00:06:49

Health: -1/59      AC: 11    Str: 13    XL:     8   Next: 81%
Magic:  0/16       EV: 12    Int: 15    God:    Ru [**....]
Gold:   219        SH:  0    Dex: 12    Spells: 8/18 levels left

rFire   . . .      SeeInvis .    e - +2 dagger (speed)
rCold   . . .      Faith    .    (no shield)
rNeg    . . .      Spirit   +    (body armour unavailable)
rPois   .          Reflect  .    (helmet restricted)
rElec   .          Harm     .    (no cloak)
rCorr   .          Rampage  .    (no gloves)
Will    .....                    (no boots)
Stlth   +.........               G - amulet of guardian spirit
HPRegen 0.29/turn                (no ring)
MPRegen 0.15/turn                (no ring)

@: wereblooded
A: AC +11, amphibious, unfitting armour, cold-blooded, inability to use devices
a: Renounce Religion


You were on level 6 of the Dungeon.
You worshipped Ru.
Ru was pleased with you.
You visited 2 branches of the dungeon, and saw 7 of its levels.
You also visited: Sewer.

You collected 435 gold pieces.
You spent 216 gold pieces at shops.


Innate Abilities, Weirdness & Mutations

Your dull iron-grey scales are very hard. (AC +11)
You are amphibious.
You cannot fit into any form of body armour.
You are cold-blooded and may be slowed by cold attacks.
You cannot study or use magical devices.


   Skills:
 - Level 1.1 Fighting
 - Level 1.7 Dodging
 - Level 3.0 Unarmed Combat
 + Level 5.5 Spellcasting
 * Level 8.5 Transmutations
 + Level 4.6 Ice Magic
 - Level 2.0 Poison Magic


You had 8 spell levels left.
You knew the following spells:

 Your Spells              Type           Power      Damage    Failure   Level
a - Beastly Appendage     Tmut           58%        N/A       1%          1
b - Wereblood             Tmut           29%        N/A       1%          2
c - Spider Form           Tmut/Pois      19%        N/A       5%          3
d - Ice Form              Ice/Tmut       23%        N/A       11%         4

Your spell library contained the following spells:

 Spells                   Type           Power      Damage    Failure   Level
 Passwall                 Tmut/Erth      13%        N/A       4%          2
 Ensorcelled Hibernation  Hex/Ice        22%        N/A       9%          2
 Swiftness                Air            4%         N/A       43%         3

Inventory:

Hand Weapons
 e - a +2 dagger of speed (weapon)
   (You took it off a kobold on level 1 of the Dungeon)
Missiles
 b - 51 stones
 d - 5 javelins
 f - 20 poisoned darts
 s - 3 boomerangs
 t - 2 throwing nets {=f!f}
Armour
 i - a +1 buckler
   (You found it on level 2 of the Dungeon)
Jewellery
 G - an amulet of guardian spirit (around neck)
   (You found it on level 2 of the Dungeon)
Wands
 k - a wand of flame (53)
   (You found it on level 2 of the Dungeon)
Scrolls
 n - 2 scrolls of magic mapping {!r}
 o - 7 scrolls of identify {@r1}
 p - 3 scrolls of teleportation {@r4}
 q - a scroll of enchant armour
 v - a scroll of blinking {unknown}
 w - a scroll of noise {unknown}
Potions
 a - a potion of lignification {!q}
 c - 2 potions of resistance
 g - 3 potions of flight
 h - 2 potions of curing {@q1}
 j - 3 potions of attraction {!q}
 l - a potion of heal wounds {@q2}
 m - a potion of mutation {!q}
 r - a potion of haste {@q3}
 u - a potion of degeneration {!q}

Dungeon Overview and Level Annotations

Branches:
Dungeon (6/15) Zot: 26348  Temple (1/1) D:5 Zot: 5887   Sewer (visited)

Altars:
Ashenzari
Cheibriados
Dithmenos
Fedhas
Gozag
Hepliaklqana
Kikubaaqudgha
Makhleb
Nemelex Xobeh
Okawaru
Qazlal
Ru
Sif Muna
Trog
Uskayaw
Wu Jian
Xom
Yredelemnul
Zin
The Shining One

Shops:
D:1 =   D:4 ?!*   D:5 [

Annotations:
D:3 1 runed translucent door, DEFE's ghost, amateur DEHs
D:4 3 runed translucent doors, Lanoc's ghost, amateur OgGl
D:5 3 runed translucent doors, DEFE's ghost, amateur DEHs

# # #...#
################...#
#..............#...#
#.._...............#
#..8...............
#.._...........#..
#.....##<.#..###o#
##....##..#.## #@#
###.........# #.#
....#####..## ##.#
##..# ##..# #..#
#..####...# ##.##
#...##...## #..#
##......#.# #.##
#..#.####.####.##
...#.##.........#


You could see an orc priest.


Message History

You lost 1 mp, and now have 6/16 mp.
You hit something. You freeze something. Something hits you but does no damage.
The orc wizard gestures wildly while chanting.
The orc wizard flickers and vanishes!
You miss something. Something hits you but does no damage.
The orc priest mumbles some strange prayers to Beogh against you.
Beogh smites you!
* * * LOW HITPOINT WARNING * * *
You focus your inner power and blind the orc priest in retribution! 😨 HP[-10] MP[-2]
You take 10 damage, and now have 31/70 hp.
You lost 2 mp, and now have 4/16 mp.
You closely miss something. Something hits you.
* * * LOW HITPOINT WARNING * * *
Something shocks you.
* * * LOW HITPOINT WARNING * * *
You focus your inner power and blind something in retribution!
The orc priest invokes the aid of Beogh against you.
Something writhes in agony!
You hear some strange, mumbled words.
A magic dart appears from out of thin air!
The magic dart hits you!
* * * LOW HITPOINT WARNING * * *
😨 HP[-13] MP[-3]
You take 13 damage, and now have 18/70 hp.
You lost 3 mp, and now have 1/16 mp.
You hit something. You freeze something.
Reactivating autopickup.
You feel a bit more experienced. 😨 HP[+1] MP[+1] Deactivating autopickup; reactivate with Ctrl-A.
You miss something.
You redirect something's attack!
Okay, then.
Casting: Ice Form (dangerous; 11% risk of failure)
Confirm with . or Enter, or press ? or * to list all spells.
Your blood is infused with primal strength.
Something hits you but does no damage. Something hits you.
* * * LOW HITPOINT WARNING * * *
The orc priest calls down the wrath of Beogh upon you.
Beogh smites you!
* * * LOW HITPOINT WARNING * * *
😱 HP[-14] MP[-2]
You take 14 damage, and now have 5/70 hp.
You lost 2 mp, and now have 0/16 mp.
You barely miss something. Something hits you but does no damage.
You feel much better.
Your transformation is almost over.
The orc priest is no longer blind.
You hear some strange, mumbled words.
A magic dart appears from out of thin air!
The magic dart hits you.
* * * LOW HITPOINT WARNING * * *
You barely miss something.
Something hits you but does no damage. 😨 HP[+13]
You regained 13 hp, and now have 18/70 hp.
You barely miss something. Something hits you.
* * * LOW HITPOINT WARNING * * *
😱 HP[-3] MP[+1]
You take 3 damage, and now have 15/70 hp.
You barely miss something. Something hits you but does no damage.
You hit something. You freeze something.
You feel a bit better.
Reactivating autopickup.
You feel a bit more experienced.
You howl as the wereblood boils in your veins!
You redirect the orc priest's attack! 😨 HP[+3]
You regained 3 hp, and now have 18/70 hp.
You punch the orc! You freeze the orc.
You feel a bit better.
You kill the orc! 😨 HP[+2]
You regained 2 hp, and now have 20/70 hp.
You howl as the wereblood boils in your veins!
The orc priest mumbles some strange prayers to Beogh against you.
Beogh smites you!
* * * LOW HITPOINT WARNING * * *
Items here: $ )) [[. 😱 HP[-7] MP[-1]
You take 7 damage, and now have 13/70 hp.
You lost 1 mp, and now have 0/16 mp.
You punch the orc priest! You freeze the orc priest.
The orc priest miscasts a cantrip.
You hit the orc priest. You freeze the orc priest.
You warm up again.
Your +2 dagger of speed unmelds from your body.
Your hands tingle!
The orc priest hits you but does no damage. 😱 HP[-2]
You now have 59 max hp (-11).
You closely miss the orc priest.
Your tail-slap misses the orc priest.
You howl as the wereblood boils in your veins!
The orc priest barely misses you. 😱 HP[+1] MP[+1]
You closely miss the orc priest.
Your tail-slap misses the orc priest.
You howl as the wereblood boils in your veins!
You closely miss the orc priest.
Your tail-slap misses the orc priest.
The orc priest invokes the aid of Beogh against you.
Beogh smites you!
You die...

Skill      XL: |  1  2  3  4  5  6  7  8 |
---------------+-------------------------+-----
Transmutations | 3 4 5 7 8 |  8.5
Spellcasting   | 3 4 5 |  5.5
Poison Magic   | 1 2 |  2.0
Ice Magic      | 1 3 4 |  4.6
Fighting       | |  1.1
Dodging        | |  1.7
Unarmed Combat | |  3.0

Action                   |  1- 3 |  4- 6 |  7- 9 || total
-------------------------+-------+-------+-------++-------
Melee: Dagger            |    88 |   119 |    41 ||   248
       Unarmed           |    12 |   138 |   172 ||   322
       Kick              |     7 |     5 |       ||    12
       Tailslap          |     6 |    11 |     7 ||    24
       Headbutt          |     3 |     1 |       ||     4
       Punch             |     2 |     4 |       ||     6
 Cast: Beastly Appendage |    11 |     4 |       ||    15
       Wereblood         |     1 |     1 |     2 ||     4
       Spider Form       |       |    20 |    15 ||    35
       Ice Form          |       |     1 |     6 ||     7
Invok: Sacrifice Artific |       |       |     1 ||     1
  Use: Scroll            |       |     8 |       ||     8
       Potion            |       |       |     3 ||     3
 Stab: Distracted        |       |     1 |       ||     1
Armor: Skin              |    35 |    43 |    59 ||   137
Dodge: Dodged            |    75 |   143 |   109 ||   327

Levels and vault maps discovered:
D:1:      dpeg_arrival_signposts, layout_basic, serial_shops, shop_statue
D:2:      minmay_evil_eye, layout_loops_cross, nrook_mini_backslash,
          minmay_tripent, uniq_natasha
D:3:      layout_loops_ring, nicolae_tso_carved_into_rock, portal_sewer_entry_d,
          ebering_ghost_sewer_d, uniq_ijyb, uniq_jessica
D:4:      minmay_skewed_foursquare, layout_basic, amcnicky_altar_gilded,
          nicolae_sif_muna_condensation, mainiacjoe_overflow_tiny_flanked,
          ebering_ghost_rock_garden, serial_shops, shop, nicolae_shop_stone,
          kennysheep_mini, interstate_on_off, uniq_robin
D:5:      layout_basic, minmay_temple_entry_slanted, serial_shops, shop_statue,
          gammafunk_ghost_necromancy, serial_park_tiny_pond, uniq_duvessa
D:6:      layout_rooms, chequers_temple_overflow_statue_of_worship
Temple:   nicolae_temple_superstar

Notes
Turn   | Place    | Note
-------+----------+-------------------------------------------
     0 | D:1      | kae the Draconian Transmuter began the quest for the Orb.
     0 | D:1      | Reached XP level 1. HP: 16/16 MP: 3/3
     0 | D:1      | magus.rc [v1.11.3]
   210 | D:1      | Found Iluskis's Jewellery Shoppe.
   360 | D:1      | Reached XP level 2. HP: 23/23 MP: 5/5
   540 | D:1      | You fall into a shaft and drop 1 floor!
   632 | D:2      | Reached skill level 3 in Transmutations
   741 | D:2      | Noticed Natasha
   766 | D:2      | Learned a level 2 spell: Wereblood
   812 | D:2      | Reached XP level 3. HP: 25/28 MP: 3/6
   836 | D:2      | Killed Natasha
  1098 | D:2      | Reached XP level 4. HP: 33/35 MP: 5/8
  1145 | D:2      | You pick up a book of Burglary and begin reading...
  1145 | D:2      | You add the spells Passwall, Ensorcelled Hibernation and
                  | Swiftness to your library.
  1179 | D:2      | Noticed Natasha
  1186 | D:2      | Learned a level 3 spell: Spider Form
  1196 | D:2      | Killed Natasha
  1354 | D:2      | Reached skill level 4 in Transmutations
  1430 | D:3      | Noticed Jessica
  1434 | D:3      | Killed Jessica
  1435 | D:3      | Reached skill level 3 in Spellcasting
  1435 | D:3      | Reached skill level 1 in Poison Magic
  1450 | D:3      | Found a runed translucent door.
  1458 | D:3      | Noticed DEFE's ghost (amateur DEHs)
  1506 | D:3      | Noticed Ijyb
  1522 | D:3      | Killed Ijyb
  1523 | D:3      | Reached XP level 5. HP: 20/40 MP: 4/9
  1658 | D:3      | Found a glowing drain.
  1672 | Sewer    | Entered a sewer
  1794 | Sewer    | Learned a level 4 spell: Ice Form
  1824 | Sewer    | Found a white marble altar of Elyvilon.
  1951 | D:3      | Reached XP level 6. HP: 27/47 MP: 3/11
  2091 | D:3      | Reached skill level 5 in Transmutations
  2109 | D:3      | Found a glowing golden altar of the Shining One.
  2634 | D:3      | Reached skill level 2 in Poison Magic
  3156 | D:4      | Reached skill level 1 in Ice Magic
  3299 | D:4      | Found Riumuila's General Store.
  3455 | D:4      | Bought a scroll of teleportation for 30 gold pieces
  3506 | D:4      | Noticed Robin
  3528 | D:4      | Killed Robin
  3574 | D:4      | Found a runed translucent gate.
  3575 | D:4      | Found a runed translucent gate.
  3575 | D:4      | Found a runed translucent gate.
  3576 | D:4      | Noticed Lanoc's ghost (amateur OgGl)
  3858 | D:4      | Found a hazy altar of Hepliaklqana.
  3861 | D:4      | Found a glowing silver altar of Zin.
  3892 | D:4      | Your scales start taking on a dull iron-grey colour.
  3892 | D:4      | Reached XP level 7. HP: 49/52 MP: 6/12
  3976 | D:4      | Reached skill level 4 in Spellcasting
  3976 | D:4      | Reached skill level 2 in Ice Magic
  4013 | D:4      | Found a shimmering blue altar of Sif Muna.
  4113 | D:4      | Reached skill level 6 in Transmutations
  4145 | D:4      | Found Wayl's Distillery.
  4344 | D:4      | Found Raudul's Magic Scroll Shop.
  4352 | D:4      | Bought a scroll of magic mapping for 97 gold pieces
  4352 | D:4      | Bought a scroll of identify for 26 gold pieces
  4352 | D:4      | Bought a scroll of identify for 26 gold pieces
  4352 | D:4      | Bought a scroll of identify for 26 gold pieces
  4499 | D:4      | Bought a potion of degeneration for 11 gold pieces
  4565 | D:5      | Entered Level 5 of the Dungeon
  4607 | D:5      | Found a staircase to the Ecumenical Temple.
  4653 | Temple   | Entered the Ecumenical Temple
  4756 | Temple   | Became a worshipper of Ru the Awakened
  4842 | D:5      | Found a runed translucent gate.
  4843 | D:5      | Found a runed translucent gate.
  4843 | D:5      | Found a runed translucent gate.
  4854 | D:5      | Noticed DEFE's ghost (amateur DEHs)
  4966 | D:5      | Reached skill level 3 in Ice Magic
  5618 | D:5      | Reached skill level 7 in Transmutations
  5618 | D:5      | Reached XP level 8. HP: 55/59 MP: 7/15
  5816 | D:5      | Noticed Duvessa
  5817 | D:5      | Noticed Dowan
  5827 | D:5      | Killed Duvessa
  5905 | D:5      | Killed Dowan
  5940 | D:5      | Found Yggicely's Armour Shoppe.
  6100 | D:6      | Found a bloodstained altar of Trog.
  6100 | D:6      | Found a sparkling altar of Nemelex Xobeh.
  6274 | D:6      | Reached skill level 5 in Spellcasting
  6283 | D:6      | Reached skill level 4 in Ice Magic
  6293 | D:6      | Reached skill level 8 in Transmutations
  6293 | D:6      | HP: 13/70 [something (5)]
  6293 | D:6      | HP: 6/70 [orc/+0 flail (7)]
  6298 | D:6      | HP: 10/70 [adder (2)]
  6600 | D:6      | Gained mutation: You cannot study or use magical devices.
                  | [Ru sacrifice]
  6600 | D:6      | Reached * piety under Ru
  6600 | D:6      | Reached ** piety under Ru
  6743 | D:6      | HP: 5/70 [orc priest/divine providence (13)]
  6751 | D:6      | HP: 13/70 [orc priest/divine providence (7)]
  6756 | D:6      | Killed from afar by an orc priest

Vanquished Creatures
  A steam dragon (D:6)
  Duvessa (D:5)
  An ice beast (D:6)
  A sky beast (D:6)
  2 phantoms (D:5)
  A kobold brigand (Sewer)
  A necrophage (D:6)
  3 scorpions
  Dowan (D:5)
  A howler monkey (D:6)
  3 hounds
  2 jellies
  2 orc priests
  Jessica (D:3)
  Ijyb (D:3)
  Natasha (twice) (D:2)
  3 iguanas
  5 orc wizards
  Robin (D:4)
  8 adders
  5 gnolls
  A river rat (Sewer)
  A shadow imp (D:5)
  A white imp (D:6)
  2 ufetubi (D:5)
  2 worms
  3 dart slugs
  20 orcs
  9 ball pythons
  10 endoplasms
  6 giant cockroaches
  20 goblins
  9 hobgoblins
  6 jackals
  11 kobolds
  3 quokkas
  7 bats
  3 frilled lizards
  7 rats
167 creatures vanquished.

Vanquished Creatures (others)
  An orc (D:6)
1 creature vanquished.

Grand Total: 168 creatures vanquished

Table legend:
 A = Non-vault XP
 B = Vault XP
 C = Vault XP percentage of total XP
 D = Non-vault monster count
 E = Vault monster count
 F = Vault count percentage of total count
                 A         B        C        D         E       F
            +---------+---------+-------+---------+---------+-------
      Total |    1992 |     554 |  21.8 |     125 |      42 |  25.1
            +---------+---------+-------+---------+---------+-------
        D:1 |      27 |       0 |   0.0 |      16 |       0 |   0.0
        D:2 |      70 |      50 |  41.7 |      19 |       6 |  24.0
        D:3 |      63 |      99 |  61.1 |      20 |       4 |  16.7
        D:4 |     423 |      71 |  14.4 |      32 |      18 |  36.0
        D:5 |     551 |     214 |  28.0 |      18 |       2 |  10.0
        D:6 |     858 |       0 |   0.0 |      20 |       0 |   0.0
      Sewer |       0 |     120 | 100.0 |       0 |      12 | 100.0
            +---------+---------+-------+---------+---------+-------

Illustrated notes

Table legend:
 A = Kills in this place as a percentage of kills in entire the game.
 B = Kills by you in this place as a percentage of kills by you in the entire game.
 C = Kills by friends in this place as a percentage of kills by friends in the entire game.
 D = Other kills in this place as a percentage of other kills in the entire game.
 E = Experience gained in this place as a percentage of experience gained in the entire game.
 F = Experience gained in this place divided by the number of levels of this place that you have seen.
                   A       B       C       D       E      F
               +-------+-------+-------+-------+-------+----------------------
         Total | 100.0 | 100.0 |   N/A |   N/A | 100.0 | 318.2
       Dungeon |  92.8 |  92.8 |   N/A |   N/A |  95.3 | 404.3
         Sewer |   7.2 |   7.2 |   N/A |   N/A |   4.7 | 120.0
               +-------+-------+-------+-------+-------+----------------------

Table legend: (Time is in decaauts)
 A = Elapsed time spent in this place.
 B = Non-inter-level travel time spent in this place.
 C = Inter-level travel time spent in this place.
 D = Time resting spent in this place.
 E = Time spent auto-exploring this place.
 F = Levels seen in this place.
 G = Mean time per level.
                   A        B        C        D        E       F      G
               +--------+--------+--------+--------+--------+-----+--------+
         Total |   6689 |   6204 |    485 |     84 |   4869 |   8 |  836.1 |
       Dungeon |   6362 |   5891 |    471 |     84 |   4648 |   6 | 1060.3 |
        Temple |    112 |     98 |     14 |      0 |     84 |   1 |  112.0 |
         Sewer |    214 |    214 |      0 |      0 |    137 |   1 |  214.0 |
               +--------+--------+--------+--------+--------+-----+--------+

Top non-repeatable levels by time:
     D:4: 1500 daAuts
     D:5: 1342 daAuts
     D:3: 1089 daAuts
     D:2: 946 daAuts
     D:1: 833 daAuts
     D:6: 651 daAuts
   Sewer: 214 daAuts
  Temple: 112 daAuts
